 Dungeon Crawl Stone Soup version 0.15.2 (webtiles) character file.

7 magipi the Caller (level 2, 0/15 HPs)
             Began as a Tengu Summoner on Apr 16, 2015.
             Slain by a jackal (1 damage)
             ... on Level 1 of the Dungeon.
             The game lasted 00:02:14 (493 turns).

magipi the Caller (Tengu Summoner)                   Turns: 493, Time: 00:02:14

HP   0/15        AC  2     Str  8      XL: 2   Next:  0%
MP   0/5         EV 12     Int 15      God:
Gold 23          SH  0     Dex 14      Spells:  1 memorised,  4 levels left

rFire  . . .     SeeInvis .     k - +0 dagger
rCold  . . .     Clarity  .     a - +0 robe
rNeg   . . .     rCorr    .     (no shield)
rPois  .         rRot     .     (helmet restricted)
rElec  .         Spirit   .     (no cloak)
SustAb .         Warding  .     (no gloves)
rMut   .         Stasis   .     (boots unavailable)
Gourm  .                        (no amulet)
MR     .....                    (no ring)
                                (no ring)

@: not resistant to hostile enchantments, unstealthy
A: beak, talons 3
a: no special abilities


You were on level 1 of the Dungeon.
You were not hungry.

You visited 1 branch of the dungeon, and saw 1 of its levels.

You collected 23 gold pieces.

Inventory:

Hand weapons
 k - a +0 dagger (weapon)
Armour
 a - a +0 robe (worn)
Comestibles
 c - a bread ration
 f - a beef jerky
 g - a rotting chunk of bat flesh
 h - a chunk of ball python flesh
 j - a chunk of giant newt flesh
Scrolls
 e - a scroll of amnesia {unknown}
 i - 4 scrolls of identify {unknown}
Potions
 d - a potion of might {unknown}
Books
 b - a book of Callings

   Spells                             Type                      Level
   *Summon Small Mammal               Summoning                    1
   Call Imp                           Summoning                    2
   Call Canine Familiar               Summoning                    3
   Summon Guardian Golem              Hexes/Summoning              4
   Summon Lightning Spire             Summoning/Air                4
   Summon Ice Beast                   Ice/Summoning                4


   Skills:
 - Level 2.1 Dodging
 - Level 2.0 Stealth
 - Level 2.0 Spellcasting
 + Level 5.3 Summonings


You had 4 spell levels left.
You knew the following spells:

 Your Spells              Type           Power        Failure   Level  Hunger
a - Summon Small Mammal   Summ           ###.         2%          1    #......


Dungeon Overview and Level Annotations

Branches:
Dungeon (1/15)

Altars:


Innate Abilities, Weirdness & Mutations

You have a beak for a mouth.
You have claws for feet.

Vault maps used:
D:1:      erik_arrival_blinker_ship, minmay_cut_off


Message History

The smell of rotting flesh makes you sick. (slot g)
You now have 23 gold pieces (gained 9).
i - 4 scrolls labeled GIOPOI XAEMP (gained 3)
You see here a hand axe.
A jackal comes into view.
The jackal barks!
A jackal comes into view.
Casting: Summon Small Mammal
Confirm with . or Enter, or press ? or * to list all spells.
The jackal barely misses your rat.
A jackal comes into view.
Casting: Summon Small Mammal
Confirm with . or Enter, or press ? or * to list all spells.
The jackal closely misses your rat.
Your rat closely misses the jackal.
A ball python comes into view.
Unknown command.
Unknown command.
Your bat closely misses the jackal.
Your rat barely misses the jackal.
Your bat hits the jackal but does no damage.
Casting: Summon Small Mammal
Confirm with . or Enter, or press ? or * to list all spells.
Your bat hits the jackal but does no damage.
Your bat closely misses the jackal.
Your rat misses the jackal.
Unknown command.
Unknown command.
Unknown command.
You hit the jackal.
The jackal is severely wounded.
Your bat hits the jackal but does no damage. x2
The jackal barely misses you. x2
The jackal bites you.
Unknown command.
Your bat hits the jackal.
The jackal dies!
You have reached level 2!
Your bat hits the jackal but does no damage.
The jackal bites you.
Your rat bites the jackal.
You hit the jackal but do no damage.
The jackal is lightly wounded.
Your bat barely misses the jackal.
Your bat hits the jackal. The jackal misses your bat.
The jackal barely misses you.
Your bat closely misses the jackal.
Your bat hits the jackal but does no damage.
The jackal closely misses your bat.
Your rat bites the jackal but does no damage.
The jackal misses you.
The ball python closely misses your rat.
The ball python grabs your rat. The ball python constricts your rat.
You hit the jackal but do no damage.
The jackal is moderately wounded.
Your bat barely misses the jackal.
Your bat hits the jackal but does no damage.
The jackal closely misses you.
The ball python releases its grip on your rat.
Your rat bites the jackal but does no damage.
Your bat closely misses the jackal.
Your bat barely misses the jackal.
The ball python bites your bat.
The ball python completely misses your bat.
The jackal closely misses you.
Unknown command.
Casting: Summon Small Mammal
Confirm with . or Enter, or press ? or * to list all spells.
You don't have enough magic to cast that spell.
Unknown command.
Unknown command.
You swap places.
Your bat completely misses the jackal.
Your bat hits the jackal but does no damage.
The jackal bites you.
* * * LOW HITPOINT WARNING * * *
The jackal completely misses you.
Your rat closely misses the jackal.
Your bat hits the jackal but does no damage.
Your bat barely misses the ball python.
The ball python bites your rat but does no damage.
The ball python grabs your rat. The ball python constricts your rat.
The jackal barely misses your rat.
Your rat bites the jackal.
Unknown command.
Your bat hits the jackal but does no damage.
Your bat hits the ball python.
The ball python releases its grip on your rat.
The jackal bites your rat but does no damage.
The jackal bites you.
* * * LOW HITPOINT WARNING * * *
Your rat bites the jackal.
The jackal bites your rat.
Your rat dies!
Your rat's corpse disappears in a puff of smoke!
Unknown command.
Casting: Summon Small Mammal
Confirm with . or Enter, or press ? or * to list all spells.
Your bat hits the jackal but does no damage.
The jackal barely misses you.
Your bat hits the jackal but does no damage.
Your bat closely misses the jackal.
The jackal bites your bat. The ball python closely misses you.
The ball python grabs you.
* * * LOW HITPOINT WARNING * * *
The ball python constricts you.
You escape the ball python's grasp.
Your bat barely misses the jackal.
Your bat hits the jackal but does no damage.
Your bat closely misses the ball python.
The jackal barely misses your bat. The jackal bites you.
You die...

##....... ...##
........# ....##
#.......# ......
#.......# #.....
#.......# #.)...
#.......# #...##
#.......# #..##
#.......#######...##
#..@b.b.......#....#
#...hS..............
#####.ยง%...%....#...
#..hb......)....
###............[
#...).........
########......
#...... #......


You could see 2 jackals, a ball python and 3 friendly bats.

Table legend:
 A = Kills in this place as a percentage of kills in entire the game.
 B = Kills by you in this place as a percentage of kills by you in the entire game.
 C = Kills by friends in this place as a percentage of kills by friends in the entire game.
 D = Other kills in this place as a percentage of other kills in the entire game.
 E = Experience gained in this place as a percentage of experience gained in the entire game.
 F = Experience gained in this place divided by the number of levels of this place that you have seen.
                   A       B       C       D       E      F
               +-------+-------+-------+-------+-------+----------------------
         Total | 100.0 | 100.0 | 100.0 |  -nan | 100.0 |  10.0
       Dungeon | 100.0 | 100.0 | 100.0 |  -nan | 100.0 |  10.0
               +-------+-------+-------+-------+-------+----------------------

Vanquished Creatures
  A hobgoblin (D:1)
  A rat (D:1)
2 creatures vanquished.

Vanquished Creatures (collateral kills)
  A giant gecko (D:1)
  A ball python (D:1)
  A bat (D:1)
  A giant newt (D:1)
  A goblin (D:1)
  A jackal (D:1)
  A kobold (D:1)
7 creatures vanquished.

Vanquished Creatures (others)
  A quokka (D:1)
  4 rats (D:1)
5 creatures vanquished.

Grand Total: 14 creatures vanquished

Notes
Turn   | Place    | Note
--------------------------------------------------------------
     0 | D:1      | magipi, the Tengu Summoner, began the quest for the Orb.
     0 | D:1      | Reached XP level 1. HP: 10/10 MP: 3/3
   341 | D:1      | Reached skill level 5 in Summonings
   485 | D:1      | Reached XP level 2. HP: 10/15 MP: 0/5
   493 | D:1      | Slain by a jackal

Action                   || total
-------------------------++-------
Melee: Unarmed           ||     6
       Dagger            ||     3
 Cast: Summon Small Mamm ||    18
 Stab: Sleeping          ||     1

Action                   || total
-------------------------++-------
Melee: Unarmed           ||     6
       Dagger            ||     3
 Cast: Summon Small Mamm ||    18
 Stab: Sleeping          ||     1

Action                   || total
-------------------------++-------
Melee: Unarmed           ||     6
       Dagger            ||     3
 Cast: Summon Small Mamm ||    18
 Stab: Sleeping          ||     1
